 Dungeon Crawl Stone Soup version 0.16.1-18-g436b03c (webtiles) character file.

698 Kostja the Firebug (level 7, -2/67 HPs)
             Began as an Ogre Fire Elementalist on Apr 26, 2015.
             Was an Initiate of Qazlal.
             Splashed by a jelly's acid (15 damage)
             ... on level 4 of the Dungeon.
             The game lasted 01:16:15 (9225 turns).

Kostja the Firebug (Ogre Fire Elementalist)         Turns: 9225, Time: 01:16:20

Health: -2/67      AC:  3    Str: 14    XL:     7   Next: 65%
Magic:  1/15       EV: 10    Int: 16    God:    Qazlal [......]
Gold:   266        SH:  0    Dex: 10    Spells: 5 memorised, 0 levels left

rFire  + . .     SeeInvis .     r - +0 spear
rCold  x . .     Clarity  .     a - +0 robe
rNeg   + . .     SustAb   .     (shield restricted)
rPois  .         Gourm    .     (helmet restricted)
rElec  .         Spirit   .     (no cloak)
rCorr  .         Warding  +     (gloves unavailable)
rMut   .         Stasis   .     (boots unavailable)
MR     .....                    y - amulet of warding
Stlth  ++........               (no ring)
                                s - ring of fire

@: very slightly contaminated, not resistant to hostile enchantments, unstealthy
A: unfitting armour, tough skin 1
a: Renounce Religion


You were on level 4 of the Dungeon.
You worshipped Qazlal.
Qazlal was noncommittal.
You were very hungry.

You visited 1 branch of the dungeon, and saw 5 of its levels.

You collected 266 gold pieces.

Inventory:

Hand weapons
 r - a +0 spear (weapon)
Armour
 a - a +0 robe (worn)
 t - a +0 animal skin
Jewellery
 f - an uncursed amulet of resist mutation
 s - a ring of fire (left hand)
 y - an amulet of warding (around neck)
Magical devices
 u - a wand of enslavement (1)
Scrolls
 g - 3 scrolls of identify
 j - a scroll of teleportation
 k - a scroll of amnesia
 l - a scroll of blinking
 n - a scroll of magic mapping
 o - a scroll of immolation
Potions
 d - a potion of flight {unknown}
 e - a potion of lignification {unknown}
 h - 2 potions of curing
 i - a potion of haste {unknown}
 m - a potion of heal wounds {unknown}
 p - a potion of might
 q - a potion of invisibility {unknown}
 z - a potion of resistance {unknown}
 B - a potion of restore abilities {unknown}
Books
 b - a book of Flames

   Spells                             Type                      Level
   a - Flame Tongue                   Conjuration/Fire             1
   b - Throw Flame                    Conjuration/Fire             2
   c - Conjure Flame                  Conjuration/Fire             3
   d - Inner Flame                    Hexes/Fire                   3
   e - Sticky Flame                   Conjuration/Fire             4
   f - Fireball                       Conjuration/Fire             5
Comestibles
 c - 2 meat rations
 A - 2 bread rations


   Skills:
 + Level 3.2 Fighting
 + Level 0.8 Polearms
 + Level 2.8 Dodging
 + Level 3.0 Stealth
 * Level 3.8 Spellcasting
 * Level 2.7 Conjurations
 * Level 3.9 Fire Magic
 + Level 1.0 Evocations


You couldn't memorise any spells.
You knew the following spells:

 Your Spells              Type           Power        Failure   Level  Hunger
a - Flame Tongue          Conj/Fire      ###..        6%          1    None
b - Throw Flame           Conj/Fire      ###...       10%         2    ##.....
c - Conjure Flame         Conj/Fire      ###.....     14%         3    ###....
d - Inner Flame           Hex/Fire       ##......     28%         3    ###....
e - Sticky Flame          Conj/Fire      ###.....     50%         4    ####...


Dungeon Overview and Level Annotations

Branches:
Dungeon (5/15)
 Temple: D:4-7

Altars:
Cheibriados
Qazlal

Annotations:
D:3 Grinder
D:5 Edmund, Pikel


Innate Abilities, Weirdness & Mutations

You are too large for most types of armour.
You have tough skin (AC +1).


Message History

You hit the jelly.
The jelly is almost dead.
The jelly barely misses you.
You barely miss the jelly.
The jelly is almost dead.
The jelly closely misses you.
You hit the jelly.
The jelly is almost dead.
The jelly misses you.
You hit the jelly.
The jelly is almost dead.
The jelly hits you.
You are splashed with acid!
The acid burns!
You completely miss the jelly.
The jelly is almost dead.
The jelly hits you.
You are splashed with acid!
The acid burns!
* * * LOW HITPOINT WARNING * * *
The jelly hits you.
* * * LOW HITPOINT WARNING * * *
You are splashed with acid!
The acid burns!
You die...

#.#####.......####...
#.###########......#.
#.............####...
#.############# ##.#
#.# #.# #.#
#########.# #.#
#.........#
#.#########.#########
#...@J......#
#############


You could see a jelly.

Vanquished Creatures
  A sky beast (D:5)
  A slave (D:4)
  2 scorpions
  3 orc wizards
  A gnoll shaman (D:5)
  An orc priest (D:3)
  3 worker ants
  Ijyb (D:3)
  13 gnolls
  4 adders
  2 worms (D:3)
  2 adder skeletons (D:4)
  2 oozes
  10 orcs
  A giant cockroach (D:1)
  5 hobgoblins
  9 jackals
  2 quokkas
  3 ball pythons
  A ball python skeleton (D:4)
  8 bats
  2 giant geckos (D:1)
  5 giant newts
  18 goblins
  4 kobolds
  13 rats
117 creatures vanquished.

Notes
Turn   | Place    | Note
--------------------------------------------------------------
     0 | D:1      | Kostja, the Ogre Fire Elementalist, began the quest for the Orb.
     0 | D:1      | Reached XP level 1. HP: 16/16 MP: 3/3
   361 | D:1      | Reached XP level 2. HP: 26/26 MP: 3/5
   394 | D:1      | Learned a level 2 spell: Throw Flame
  1159 | D:2      | Reached skill level 1 in Conjurations
  1851 | D:2      | Reached XP level 3. HP: 32/32 MP: 1/6
  1945 | D:2      | Learned a level 3 spell: Conjure Flame
  2071 | D:2      | Reached skill level 1 in Fighting
  2279 | D:3      | Reached XP level 4. HP: 32/41 MP: 4/8
  2512 | D:3      | Noticed Grinder
  3589 | D:3      | Reached XP level 5. HP: 49/49 MP: 6/10
  3678 | D:3      | Learned a level 3 spell: Inner Flame
  4471 | D:3      | Reached skill level 3 in Fire Magic
  4583 | D:3      | Noticed Ijyb
  5654 | D:3      | Killed Ijyb
  6026 | D:4      | Reached XP level 6. HP: 50/57 MP: 10/13
  6781 | D:4      | Found a stormy altar of Qazlal.
  6977 | D:4      | Became a worshipper of Qazlal Stormbringer
  7503 | D:4      | Reached XP level 7. HP: 62/66 MP: 5/15
  7597 | D:3      | Learned a level 4 spell: Sticky Flame
  7901 | D:5      | Entered Level 5 of the Dungeon
  7904 | D:5      | Noticed Pikel
  8165 | D:5      | Reached skill level 1 in Evocations
  8637 | D:5      | Found a snail-covered altar of Cheibriados.
  8641 | D:5      | Noticed Edmund
  9225 | D:4      | Splashed by a jelly's acid

Action                   |  1- 3 |  4- 6 |  7- 9 || total
-------------------------+-------+-------+-------++-------
Melee: Short sword       |    16 |    12 |       ||    28
       Spear             |       |     9 |    86 ||    95
 Cast: Flame Tongue      |    28 |   153 |    45 ||   226
       Throw Flame       |    14 |    49 |    15 ||    78
       Conjure Flame     |       |     5 |     6 ||    11
       Inner Flame       |       |     1 |     2 ||     3
Evoke: Wand              |       |       |     4 ||     4
  Use: Scroll            |     2 |     7 |       ||     9
       Potion            |     2 |       |     1 ||     3
  Eat: Chunk             |     6 |    10 |     6 ||    22
       Meat ration       |       |     2 |       ||     2
